 Dungeon Crawl Stone Soup version 0.28-a0-1002-gf00fe891ef (webtiles) character file.

Game seed: 3171842125008489552

115 avis the Chiller (level 5, 0/25 HPs)
             Began as a Vine Stalker Ice Elementalist on Dec 7, 2021.
             Succumbed to a water moccasin's poison
             ... on level 4 of the Dungeon.
             The game lasted 00:20:03 (3523 turns).

avis the Chiller (Vine Stalker Ice Elementalist)    Turns: 3523, Time: 00:20:04

Health: 0/25       AC: 12    Str: 13    XL:     5   Next: 0%
Magic:  0/10       EV: 12    Int: 15    God:
Gold:   129        SH:  0    Dex: 14    Spells: 3/10 levels left

rFire   + . .      SeeInvis .     - Unarmed
rCold   . . .      Faith    .   (no shield)
rNeg    . . .      Spirit   +   a - +0 robe
rPois   .          Reflect  .   (no helmet)
rElec   .          Harm     .   (no cloak)
rCorr   .          Rampage  .   (no gloves)
Will    .....                   (no boots)
Stlth   ++........              (no amulet)
HPRegen 0.88/turn               i - +4 ring of protection
MPRegen 0.12/turn               r - ring of protection from fire

@: lethally poisoned (0 -> -10), ice-armoured
A: fangs 2, regeneration 1, magic shield, antimagic bite, no potion heal 2
a: no special abilities


You were on level 4 of the Dungeon.
You visited 1 branch of the dungeon, and saw 4 of its levels.

You collected 129 gold pieces.

Inventory:

Hand Weapons
 j - a +1 short sword of draining
 q - a +0 hunting sling
Missiles
 b - 196 stones
 l - 17 sling bullets
 t - 4 poisoned darts
Armour
 a - a +0 robe (worn)
 n - a +0 kite shield
 o - a +0 buckler
Magical Staves
 e - a staff of conjuration
Jewellery
 i - a +4 ring of protection (left hand)
 r - a ring of protection from fire (right hand)
Scrolls
 d - a scroll of teleportation {unknown}
 s - a scroll of torment {unknown}
Potions
 c - 3 potions of curing {unknown}
 f - a potion of brilliance {unknown}
 g - a potion of haste {unknown}
 h - a potion of lignification {unknown}
 k - a potion of attraction {unknown}
 m - a potion of might {unknown}
 p - a potion of flight {unknown}


   Skills:
 * Level 1.0 Fighting
 - Level 1.5 Dodging
 - Level 3.0 Stealth
 + Level 3.2 Unarmed Combat
 - Level 3.0 Spellcasting
 - Level 4.0 Ice Magic


You had 3 spell levels left.
You knew the following spells:

 Your Spells              Type           Power      Damage    Failure   Level
a - Freeze                Ice            56%        1d7       3%          1
b - Ozocubu's Armour      Ice            14%        N/A       11%         3
c - Frozen Ramparts       Ice            28%        1d4       11%         3

Your spell library contained the following spells:

 Spells                   Type           Power      Damage    Failure   Level
 Hailstorm                Conj/Ice       8%         3d4       65%         4


Dungeon Overview and Level Annotations

Branches:
Dungeon (4/15)
 Temple: D:4-7

Altars:
Hepliaklqana

Shops:
D:2 (   D:3 *

Annotations:
D:3 Grinder, Sigmund


Innate Abilities, Weirdness & Mutations

You have extremely sharp teeth.
Your natural rate of healing is unusually fast.
When hurt, damage is shared between your health and your magic reserves.
Your bite disrupts and absorbs the magic of your enemies.
Potions cannot restore your health.


Message History

You freeze the water moccasin.
The water moccasin is heavily wounded.
You feel sick.
The water moccasin completely misses you.
Casting: Freeze (safe; 3% risk of failure)
Confirm with . or Enter, or press ? or * to list all spells.
Aiming: Freeze (safe; 3% risk of failure)
Press: ? - help, Shift-Dir - straight line, f/p - water moccasin
Aim: a water moccasin (heavily wounded, slow)
You freeze the water moccasin.
The water moccasin is severely wounded.
The water moccasin seems to slow down.
You feel sick.
Casting: Freeze (safe; 3% risk of failure)
Confirm with . or Enter, or press ? or * to list all spells.
Aiming: Freeze (safe; 3% risk of failure)
Press: ? - help, Shift-Dir - straight line, f/p - water moccasin
Aim: a water moccasin (severely wounded, slow)
You freeze the water moccasin.
The water moccasin is severely wounded.
The water moccasin seems to slow down.
You feel sick. The water moccasin bites you!
You are lethally poisoned!
The water moccasin poisons you!
Casting: Freeze (safe; 3% risk of failure)
Confirm with . or Enter, or press ? or * to list all spells.
Aiming: Freeze (safe; 3% risk of failure)
Press: ? - help, Shift-Dir - straight line, f/p - water moccasin
Aim: a water moccasin (severely wounded, slow)
You freeze the water moccasin.
The water moccasin is almost dead.
The water moccasin seems to slow down.
You feel very sick. The water moccasin bites you!
* * * LOW HITPOINT WARNING * * *
Casting: Freeze (safe; 3% risk of failure)
Confirm with . or Enter, or press ? or * to list all spells.
You don't have enough magic to cast this spell.
You hit the water moccasin.
You kill the water moccasin!
You die...

g....##......<..####.......##.#
..###.##...###.####.........##.#
.. #.###### #.# #.###......#.#
.. #.# #.# #.# ##.##.<#.# .. ..#
##'## #.####.##..#.# ..
##[..###............#
##.....###########.###
##.......## #.# #......@..# #.#
.'.......†.?.... ...
###!............. #.#
##............. ##.....#......
##...###..... ##'# #.... #. #...


There were no monsters in sight!

Vanquished Creatures
  A water moccasin (D:4)
  Ijyb (D:3)
  2 adders
  3 dart slugs
  3 ball pythons
  6 bats
  3 endoplasms
  A giant cockroach (D:1)
  10 hobgoblins
  5 jackals
  4 kobolds
  6 quokkas
  5 frilled lizards
  5 goblins
  9 rats
64 creatures vanquished.

Notes
Turn   | Place    | Note
-------+----------+-------------------------------------------
     0 | D:1      | avis the Vine Stalker Ice Elementalist began the quest for
                  | the Orb.
     0 | D:1      | Reached XP level 1. HP: 9/9 MP: 4/4
   177 | D:1      | You fall into a shaft and drop 1 floor!
   242 | D:2      | Reached skill level 1 in Unarmed Combat
   247 | D:2      | Reached XP level 2. HP: 6/14 MP: 0/6
   760 | D:1      | Reached skill level 1 in Fighting
   931 | D:1      | Reached XP level 3. HP: 15/18 MP: 3/7
  1611 | D:2      | Learned a level 3 spell: Ozocubu's Armour
  1844 | D:2      | Found Beplaqev's Weapon Emporium.
  2068 | D:2      | Gained mutation: Your natural rate of healing is unusually
                  | fast. [Vine Stalker growth]
  2068 | D:2      | Reached XP level 4. HP: 19/22 MP: 4/8
  2233 | D:3      | Found Atusauw's General Store.
  2436 | D:3      | Found a hazy altar of Hepliaklqana.
  2457 | D:3      | Noticed Sigmund
  2505 | D:3      | Noticed Grinder
  2829 | D:3      | Found a faded altar of an unknown god.
  2846 | D:3      | Noticed Ijyb
  2930 | D:3      | Killed Ijyb
  3114 | D:3      | Learned a level 3 spell: Frozen Ramparts
  3483 | D:3      | Reached XP level 5. HP: 25/25 MP: 7/10
  3513 | D:4      | Noticed a water moccasin
  3523 | D:4      | Killed a water moccasin
  3523 | D:4      | Succumbed to a water moccasin's poison

Illustrated notes

Levels and vault maps discovered:
D:1:      minmay_arrival_shattered_statue, layout_loops_ring
D:2:      layout_basic, serial_shops, nicolae_shop_bloodbath_and_beyond,
          hangedman_decor_lopped
D:3:      layout_rooms, lemuel_crystal_altar,
          shapermc_ecumenical_altar_mp_ritualfount, serial_shops,
          nicolae_shop_window_shopping, uniq_grinder, uniq_sigmund, uniq_ijyb
D:4:      layout_loops_corners, mainiacjoe_overflow_six_doors_small,
          kennysheep_vampire_church, sigmund_army

Skill      XL: |  1  2  3  4 |
---------------+-------------+-----
Unarmed Combat | 1 2 3 |  3.2
Fighting       | 1 |  1.0
Stealth        | 3 |  3.0
Spellcasting   | 3 |  3.0
Dodging        | |  1.5
Ice Magic      | |  4.0

Action                   |  1- 3 |  4- 6 || total
-------------------------+-------+-------++-------
Melee: Unarmed           |     1 |    29 ||    30
 Cast: Freeze            |    66 |    45 ||   111
       Ozocubu's Armour  |       |     1 ||     1
Armor: Robe              |     6 |     3 ||     9
Dodge: Dodged            |    21 |    42 ||    63

Table legend: (Time is in decaauts)
 A = Elapsed time spent in this place.
 B = Non-inter-level travel time spent in this place.
 C = Inter-level travel time spent in this place.
 D = Time resting spent in this place.
 E = Time spent auto-exploring this place.
 F = Levels seen in this place.
 G = Mean time per level.
                   A        B        C        D        E       F      G
               +--------+--------+--------+--------+--------+-----+--------+
         Total |   3531 |   3279 |    252 |   1170 |   1017 |   4 |  882.8 |
       Dungeon |   3531 |   3279 |    252 |   1170 |   1017 |   4 |  882.8 |
               +--------+--------+--------+--------+--------+-----+--------+

Top non-repeatable levels by time:
     D:2: 1214 daAuts
     D:1: 1097 daAuts
     D:3: 1014 daAuts
     D:4: 206 daAuts
